 Dungeon Crawl Stone Soup version 0.26-a0-854-gdc81c2f471 (webtiles) character file.

Game seed: 10081076969234224564

195232 iamoutofideas the Brawler (level 17, 0/163 HPs)
             Began as a Troll Hunter on Nov 22, 2020.
             Was the Champion of Okawaru.
             Killed from afar by a will-o-the-wisp (25 damage)
             ... with a foxfire
             ... on level 3 of the Swamp.
             The game lasted 01:02:58 (34316 turns).

iamoutofideas the Brawler (Troll Hunter)           Turns: 34316, Time: 01:03:01

Health: 0/163      AC: 18    Str: 29    XL:     17   Next: 70%
Magic:  16/16      EV: 24    Int: 10    God:    Okawaru [******]
Gold:   2382       SH: 15    Dex: 17    Spells: 16/16 levels left

rFire    . . .     SeeInvis +     - Unarmed
rCold    . . .     Faith    .   L - +2 kite shield {reflect}
rNeg     . . .     Spirit   .   M - quicksilver dragon scales
rPois    +         Reflect  +   j - +2 hat {Int+3}
rElec    .         Harm     .   s - +2 cloak of the Thief {*Fog Slay-2 SInv Stlth+}
rCorr    .         Rampage  .   (gloves unavailable)
MR       ++...                  (boots unavailable)
Stlth    ++........             (no amulet)
HPRegen  0.77/turn              K - ring of Decuvus {EV+4 Dex+7 SInv}
MPRegen  0.15/turn              t - ring of poison resistance

@: about to teleport
A: large, unfitting armour, claws 3, regeneration 1, shaggy fur 1, tough skin 3
}: 1/15 runes: gossamer
a: Heroism, Finesse, Renounce Religion


You were on level 3 of the Swamp.
You worshipped Okawaru.
Okawaru was exalted by your worship.
You visited 6 branches of the dungeon, and saw 31 of its levels.
You also visited: Gauntlet.

You collected 4097 gold pieces.
You spent 1715 gold pieces at shops.

Inventory:

Hand Weapons
 z - the +10 rapier of Ircheoph {vorpal, rC+ rN+++ Int-3 Stlth-}
   (Okawaru gifted it to you on level 10 of the Dungeon)

   It inflicts extra damage upon your enemies.
   It affects your intelligence (-3).
   It protects you from cold.
   It renders you almost immune to negative energy.
   It makes you less stealthy.
Missiles
 a - 2 curare-tipped darts
 b - 38 silver javelins
 c - 43 large rocks (quivered)
 d - 6 throwing nets
 J - 8 atropa-tipped darts
Armour
 i - the +5 tower shield of Reunex {Int-3 Dex+4}
   (You acquired it on level 6 of the Lair of Beasts)

   It affects your intelligence (-3).
   It affects your dexterity (+4).
 j - a +2 hat of intelligence (worn)
 s - the +2 cloak of the Thief (worn) {*Fog Slay-2 SInv Stlth+}
   (You acquired it in a Gauntlet)

   It affects your accuracy and damage with ranged weapons and melee attacks
   (-2).
   It lets you see invisible.
   It makes you more stealthy.
 E - the +5 robe of the Stag {-Cast +Inv rC++ MR+}
   (Okawaru gifted it to you on level 1 of the Spider Nest)

   It greatly protects you from cold.
   It affects your resistance to hostile enchantments.
   It lets you turn invisible.
   It prevents spellcasting.
 L - a +2 kite shield of reflection (worn)
 M - quicksilver dragon scales (worn)
 N - +1 acid dragon scales
 W - the +2 ice dragon scales "Dawupn" {rF- rC++ Str-4 Int+2 Dex+6}
   (You took it off a spriggan on level 4 of the Lair of Beasts)

   It affects your strength (-4).
   It affects your intelligence (+2).
   It affects your dexterity (+6).
   It makes you vulnerable to fire.
   It greatly protects you from cold.
Jewellery
 m - an uncursed ring of resist corrosion
 q - an uncursed ring of protection from magic
 t - a ring of poison resistance (right claw)
 y - an uncursed ring of fire
 H - the ring "Mixeen" {Fire +Blink Int-5 SInv}
   (You found it in a Gauntlet)

   [ring of fire]

   It enhances your fire magic.
   It affects your intelligence (-5).
   It protects you from fire.
   It makes you vulnerable to cold.
   It lets you see invisible.
   It lets you blink.
 K - the ring of Decuvus (left claw) {EV+4 Dex+7 SInv}
   (You took it off a minotaur in a Gauntlet)

   [ring of evasion]

   It affects your evasion (+4).
   It affects your dexterity (+7).
   It lets you see invisible.
 R - an uncursed ring of protection from cold
 Y - an uncursed ring of protection from cold
Wands
 o - a wand of acid (12)
 w - a wand of disintegration (20)
 O - a wand of iceblast (19)
 U - a wand of digging (15)
 V - a wand of paralysis (8)
Scrolls
 e - 18 scrolls of remove curse
 f - 10 scrolls of immolation
 g - 5 scrolls of magic mapping
 h - 8 scrolls of teleportation
 k - 2 scrolls of holy word
 l - 5 scrolls of amnesia
 p - 4 scrolls of blinking
 r - 3 scrolls of fear
 I - 3 scrolls of fog
 T - 2 scrolls of identify
Potions
 n - 8 potions of flight
 u - 3 potions of brilliance
 v - 3 potions of might
 x - 2 potions of invisibility
 A - a potion of magic
 B - a potion of haste
 F - 3 potions of ambrosia
 G - 3 potions of mutation
 S - 3 potions of lignification
 X - a potion of attraction
 Z - 2 potions of cancellation
Miscellaneous
 D - a lightning rod (4/4)
 P - a phantom mirror
 Q - a phial of floods


   Skills:
 + Level 9.2 Fighting
 + Level 11.7 Throwing
 - Level 15.9 Dodging
 - Level 0.3 Stealth
 - Level 11.8 Shields
 + Level 19.6 Unarmed Combat


You had 16 spell levels left.
You didn't know any spells.
Your spell library contained the following spells:

 Spells                   Type           Power        Failure   Level
 Animate Skeleton         Necr           #.....       50%         1
 Apportation              Tloc           #.....       50%         1
 Corona                   Hex            #......      50%         1
 Foxfire                  Conj/Fire      #...         50%         1
 Magic Dart               Conj           #...         50%         1
 Sandblast                Erth           #.....       50%         1
 Summon Small Mammal      Summ           #...         50%         1
 Blink                    Tloc           N/A          63%         2
 Call Imp                 Summ           #.......     63%         2
 Ensorcelled Hibernation  Hex/Ice        #.....       63%         2
 Passwall                 Tmut/Erth      #.......     63%         2
 Poisonous Vapours        Pois/Air       #.....       63%         2
 Slow                     Hex            #.......     63%         2
 Confusing Touch          Hex            #.......     86%         3
 Conjure Flame            Conj/Fire      #.......     86%         3
 Dazzling Flash           Conj/Hex       #.....       86%         3
 Inner Flame              Hex/Fire       #.......     86%         3
 Lesser Beckoning         Tloc           #.........   86%         3
 Mephitic Cloud           Conj/Pois/Air  #.......     86%         3
 Stone Arrow              Conj/Erth      #.....       86%         3
 Tukima's Dance           Hex            #.......     86%         3
 Cause Fear               Hex            #.........   99%         4
 Petrify                  Tmut/Erth      #.......     99%         4
 Sticky Flame             Conj/Fire      #.......     99%         4
 Alistair's Intoxication  Tmut/Pois      #........    100%        5
 Bolt of Magma            Conj/Fire/Erth #.........   100%        5
 Fireball                 Conj/Fire      #.........   100%        5
 Iskenderun's Battlesphe  Conj           #.......     100%        5
 Lee's Rapid Deconstruct  Erth           #.........   100%        5
 Silence                  Hex/Air        #.........   100%        5
 Yara's Violent Unravell  Hex/Tmut       #.........   100%        5
 Freezing Cloud           Conj/Ice/Air   #.........   100%        6
 Invisibility             Hex            #.......     100%        6
 Iron Shot                Conj/Erth      #.........   100%        6
 Orb of Destruction       Conj           #.........   100%        7
 Spellforged Servitor     Conj/Summ      #.........   100%        7
 Discord                  Hex            #.........   100%        8


Dungeon Overview and Level Annotations

Branches:
Dungeon (15/15)            Temple (1/1) D:5            Lair (6/6) D:11
  Swamp (3/4) Lair:4       Spider (4/4) Lair:4        Slime (0/5) Lair:5
    Orc (2/2) D:12            Elf (0/3) Orc:2        Vaults (0/5) D:14
 Depths (0/5) D:15        Gauntlet (visited)

Altars:
Ashenzari
Cheibriados
Dithmenos
Elyvilon
Fedhas
Gozag
Hepliaklqana
Kikubaaqudgha
Makhleb
Nemelex Xobeh
Okawaru
Qazlal
Ru
Sif Muna
Trog
Uskayaw
Vehumet
Wu Jian
Xom
Yredelemnul
Zin
The Shining One
Beogh
Jiyva
Lugonu

Shops:
D:5 ==?:   D:8 *   D:13 [   Orc:2 ?(}(?

Annotations:
D:13 3 runed translucent doors, Huckig's ghost, journeyman MiFi
Swamp:2 1 transporter, Donald
Swamp:3 Nikola
Spider:1 exclusion: downstairs


Innate Abilities, Weirdness & Mutations

You are too large for most types of armour.
You have claws for hands.
Your natural rate of healing is unusually fast.
You are covered in fur. (AC +1)
You have extremely tough skin. (AC +3)


Message History

The lightning arc arcs out of your line of sight!
You hear a mighty clap of thunder!
The lightning arc suddenly appears!
The lightning arc hits the will-o-the-wisp!
The will-o-the-wisp resists.
The lightning arc arcs out of your line of sight!
You hear a mighty clap of thunder! x2
The lightning arc suddenly appears!
The lightning arc hits Nikola.
The swamp dragon roars deafeningly!
Okay, then.
Evoke which item? (* to show all) (? for menu, Esc to quit)
Okay, then.
Okay, then.
As you read the scroll of teleportation, it crumbles to dust.
You feel strangely unstable.
You hear a chilling moan.
A foxfire comes into view. x2
The vampire mosquito bites you but does no damage.
The foxfire hits you!!
You die...

≈.≈♣.≈≈≈. ?♣§ [≈≈
≈.≈≈≈≈♣≈≈≈ ≈≈≈ F≈.
♣..§≈≈≈≈:≈♣.≈≈≈.≈≈
♣≈≈≈≈.≈ ..≈≈≈...
♣.≈≈.♣♣♣♣D♣♣..♣
♣♣§§§≈≈.≈.≈..≈♣
♣§§§§>♣≈≈≈≈≈≈≈♣
♣@y..≈≈D.≈≈..♣
♣♣vv@vi.♣♣♣..♣
♣§♣§§♣♣♣ (♣ ♣.≈≈♣♣
♣ ♣.≈♣ ♣.≈. ♣♣...
≈... .


You could see Nikola, a swamp dragon, a will-o-the-wisp, a vampire mosquito and
a spriggan.

Vanquished Creatures
  Gastronok (Lair:1)
  Kirke (D:14)
  Aizul (Lair:4)
  9 emperor scorpions
  4 ghost moths
  2 entropy weavers
  The ghost of Vufrucs the Grappler, a journeyman DrTm of Wu Jian (Lair:4)
  A minotaur (Gauntlet)
  Nessos (Lair:6)
  A bunyip (Swamp:1)
  4 spark wasps
  Snorg (D:12)
  A blizzard demon (Gauntlet)
  4 ogre magi (Orc:2)
  2 yaktaur captains
  4 boulder beetles
  Fannar (Lair:3)
  6 hydras
  Erolcha (Orc:1)
  2 catoblepae
  A rakshasa (D:14)
  6 centaur warriors
  4 alligators
  5 two-headed ogres
  An orc high priest (Orc:1)
  Nergalle (Orc:2)
  A goliath frog (Swamp:1)
  A fire crab (D:14)
  A spriggan druid (Swamp:3)
  6 unseen horrors
  3 orc knights
  A bog body (Swamp:1)
  8 orc sorcerers (Orc:2)
  2 deep elf magi (D:15)
  10 cyclopes
  16 orb spiders
  46 wolf spiders
  3 moths of wrath
  17 ugly things
  6 elephants (Lair:6)
  2 gargoyles
  13 cane toads
  7 black mambas
  A torpor snail (Spider:2)
  11 demonic crawlers
  5 rime drakes
  9 komodo dragons
  An efreet (D:14)
  3 yaktaurs
  6 meliai
  A queen bee (Spider:2)
  48 jumping spiders
  10 polar bears
  4 trolls
  23 hornets
  4 tyrant leeches
  17 blink frogs
  2 dream sheep (Lair:6)
  7 slime creatures (D:13)
  49 redbacks
  4 vampires
  16 spriggans
  6 flying skulls (Gauntlet)
  A shadow (D:15)
  30 tarantellas
  A wyvern (Lair:4)
  Eustachio (D:5)
  3 basilisks
  A wraith (D:15)
  54 yaks
  A hog (D:14)
  Menkaure (D:5)
  5 vampire mosquitoes
  A soldier ant (D:15)
  5 wargs (Orc:1)
  4 swamp worms
  2 acid dragons
  18 water moccasins
  3 ice beasts
  A phantom (D:10)
  5 sky beasts
  5 black bears
  15 orc warriors
  17 ogres
  4 boggarts
  30 wolves
  13 centaurs
  4 big kobolds
  22 bullfrogs
  31 scorpions
  A water moccasin skeleton (D:10)
  11 killer bees (Spider:2)
  12 wights
  2 electric eels
  3 bullfrog zombies
  A centaur zombie (D:5)
  7 hounds
  3 jellies
  2 bullfrog skeletons
  23 orc priests
  44 orc wizards
  2 centaur skeletons
  8 worker ants
  3 iguanas
  A hound zombie (D:8)
  4 hound skeletons
  A worker ant zombie (D:9)
  Robin (D:2)
  A howler monkey skeleton (D:9)
  13 gnolls
  9 adders
  2 shadow imps
  A white imp (D:10)
  2 ufetubi
  5 oozes
  3 adder skeletons
  4 worms
  A dart slug (D:2)
  3 leopard geckos
  87 orcs
  6 bats
  5 giant cockroaches
  18 goblins
  23 hobgoblins
  16 jackals
  3 quokkas
  A ball python (D:2)
  7 frilled lizards
  26 kobolds
  A quokka zombie (D:7)
  14 rats
1094 creatures vanquished.

Vanquished Creatures (collateral kills)
  A tarantella (Spider:3)
  An orc wizard (Orc:2)
2 creatures vanquished.

Vanquished Creatures (others)
  A manticore (D:13)
  A jumping spider (Spider:3)
  A scorpion (D:14)
  2 orc wizards (Orc:2)
  An orc (Orc:2)
  13 demonic plants (Gauntlet)
  2 foxfires (Swamp:3)
  34 fungi
  68 plants
123 creatures vanquished.

Grand Total: 1219 creatures vanquished

Notes
Turn   | Place    | Note
-------+----------+-------------------------------------------
     0 | D:1      | iamoutofideas the Troll Hunter began the quest for the Orb.
     0 | D:1      | Reached XP level 1. HP: 19/19 MP: 0/0
    59 | D:1      | Reached XP level 2. HP: 24/27 MP: 1/1
   231 | D:1      | Reached XP level 3. HP: 35/35 MP: 2/2
   257 | D:1      | Reached skill level 1 in Unarmed Combat
   629 | D:1      | Reached skill level 2 in Unarmed Combat
  1026 | D:2      | Noticed Robin
  1038 | D:2      | Reached XP level 4. HP: 33/42 MP: 3/3
  1079 | D:2      | Killed Robin
  1080 | D:2      | Reached skill level 3 in Unarmed Combat
  1327 | D:2      | Reached XP level 5. HP: 49/49 MP: 4/4
  1586 | D:2      | Reached skill level 4 in Unarmed Combat
  1743 | D:2      | Found a faded altar of an unknown god.
  1949 | D:3      | Reached skill level 5 in Unarmed Combat
  2125 | D:3      | Reached XP level 6. HP: 57/57 MP: 5/5
  2518 | D:4      | Found a blossoming altar of Fedhas.
  2575 | D:4      | Reached skill level 6 in Unarmed Combat
  2923 | D:4      | Reached XP level 7. HP: 58/63 MP: 6/6
  2996 | D:4      | Reached skill level 7 in Unarmed Combat
  3108 | D:5      | Entered Level 5 of the Dungeon
  3178 | D:5      | Found Vaajoece's Jewellery Shop.
  3190 | D:5      | Bought an uncursed ring of poison resistance for 280 gold
                  | pieces
  3208 | D:5      | Found Washuw's Book Emporium.
  3249 | D:5      | Found a staircase to the Ecumenical Temple.
  3273 | Temple   | Entered the Ecumenical Temple
  3465 | Temple   | Became a worshipper of Warmaster Okawaru
  3583 | D:5      | Found Vokips's Magic Scroll Boutique.
  3628 | D:5      | Reached skill level 10 in Dodging
  3628 | D:5      | Reached XP level 8. HP: 71/71 MP: 7/7
  3662 | D:5      | Noticed Eustachio
  3675 | D:5      | Killed Eustachio
  3743 | D:5      | Found Howejug's Jewellery Boutique.
  3794 | D:5      | Noticed Menkaure
  3799 | D:5      | Killed Menkaure
  3800 | D:5      | Reached skill level 8 in Unarmed Combat
  4052 | D:6      | Found a burning altar of Makhleb.
  4199 | D:6      | Reached * piety under Okawaru
  4236 | D:6      | Reached XP level 9. HP: 73/79 MP: 8/8
  4766 | D:7      | Reached skill level 9 in Unarmed Combat
  5100 | D:7      | Found a snail-covered altar of Cheibriados.
  5540 | D:8      | Found an opulent altar of Gozag.
  5553 | D:8      | Found Gozag's Platinum Reserve.
  5917 | D:8      | Reached ** piety under Okawaru
  6406 | D:9      | Noticed a troll
  6447 | D:8      | Killed a troll
  6448 | D:8      | Reached skill level 10 in Unarmed Combat
  6795 | D:9      | Found a blossoming altar of Fedhas.
  6801 | D:9      | Found a stormy altar of Qazlal.
  6883 | D:9      | Reached XP level 10. HP: 53/91 MP: 9/9
  6980 | D:9      | Reached skill level 5 in Throwing
  7145 | D:9      | Reached *** piety under Okawaru
  7377 | D:10     | Entered Level 10 of the Dungeon
  7637 | D:10     | Noticed a purple ugly thing
  7645 | D:10     | Killed a purple ugly thing
  7861 | D:10     | Noticed a gargoyle
  8019 | D:9      | Killed a gargoyle
  8389 | D:11     | Noticed a two-headed ogre
  8539 | D:11     | Killed a two-headed ogre
  8539 | D:11     | Reached **** piety under Okawaru
  8601 | D:11     | Noticed a centaur warrior
  8610 | D:11     | Killed a centaur warrior
  8610 | D:11     | Reached ***** piety under Okawaru
  8610 | D:11     | Received a gift from Okawaru
  8611 | D:11     | Reached skill level 5 in Fighting
  8707 | D:10     | Reached XP level 11. HP: 95/104 MP: 10/10
  8731 | D:10     | Received a gift from Okawaru
  8732 | D:10     | Got a brightly glowing rapier {god gift}
  8735 | D:10     | Identified the +10 rapier of Ircheoph {vorpal, rC+ rN+++
                  | Int-3 Stlth-} (Okawaru gifted it to you on level 10 of the
                  | Dungeon)
  8916 | D:11     | Killed an unseen horror
  9072 | D:11     | Noticed a two-headed ogre
  9073 | D:11     | Found a staircase to the Lair.
  9076 | D:11     | Killed a two-headed ogre
  9409 | D:12     | Found a staircase to the Orcish Mines.
  9451 | D:12     | Found a gate leading to a gauntlet.
  9469 | Gauntlet | Entered a Gauntlet
  9469 | Gauntlet | Found a transporter.
  9469 | Gauntlet | Found a transporter.
  9478 | Gauntlet | Noticed a fire crab
  9481 | Gauntlet | Found a transporter.
  9481 | Gauntlet | Found a transporter.
  9490 | Gauntlet | Found a transporter.
  9500 | Gauntlet | Noticed a catoblepas
  9509 | Gauntlet | Found a transporter.
  9511 | Gauntlet | Found a transporter.
  9519 | Gauntlet | Found a transporter.
  9519 | Gauntlet | Found a transporter.
  9521 | Gauntlet | Noticed a purple ugly thing
  9521 | Gauntlet | Noticed a great orb of eyes
  9540 | Gauntlet | Noticed a blizzard demon
  9550 | Gauntlet | Found a transporter.
  9562 | Gauntlet | Found a transporter.
  9580 | Gauntlet | Found a transporter.
  9615 | Gauntlet | Found a transporter.
  9629 | Gauntlet | Found a transporter.
  9730 | Gauntlet | Found a transporter.
  9746 | Gauntlet | Found a transporter.
  9837 | Gauntlet | Paralysed by a hornet for 2 turns
  9843 | Gauntlet | Received a gift from Okawaru
  9902 | Gauntlet | Identified a scroll of acquirement
  9902 | Gauntlet | Acquired the +2 cloak of the Thief {*Fog Slay-2 SInv
                  | Stlth+}
  9903 | Gauntlet | Found the +2 cloak of the Thief {*Fog Slay-2 SInv Stlth+}
  9990 | Gauntlet | Got a steaming steel ring
  9996 | Gauntlet | Identified the ring "Mixeen" {Fire +Blink Int-5 SInv} (You
                  | found it in a Gauntlet)
 10155 | Gauntlet | Killed a blizzard demon
 10169 | Gauntlet | Got an ichor-stained cloak
 10170 | Gauntlet | Identified the +2 cloak of the Soldier {Dex+4} (You found
                  | it in a Gauntlet)
 10248 | Gauntlet | Identified the ring of Decuvus {EV+4 Dex+7 SInv}
 10248 | Gauntlet | Noticed a minotaur
 10267 | Gauntlet | Killed a minotaur
 10267 | Gauntlet | Received a gift from Okawaru
 10268 | Gauntlet | Reached skill level 11 in Unarmed Combat
 10554 | Lair:1   | Entered Level 1 of the Lair of Beasts
 10700 | D:12     | Noticed Snorg
 10714 | D:12     | Killed Snorg
 10715 | D:12     | Reached XP level 12. HP: 73/115 MP: 9/11
 10808 | D:12     | Reached skill level 12 in Unarmed Combat
 11448 | Lair:1   | Noticed an eight-headed hydra
 11457 | Lair:1   | Reached skill level 13 in Unarmed Combat
 11607 | Lair:1   | Killed an eight-headed hydra
 11757 | Lair:1   | Noticed Gastronok
 11764 | Lair:1   | Killed Gastronok
 11764 | Lair:1   | Received a gift from Okawaru
 12998 | Lair:3   | Noticed a seven-headed hydra
 13010 | Lair:3   | Killed a seven-headed hydra
 13011 | Lair:3   | Reached XP level 13. HP: 53/127 MP: 12/12
 13274 | Lair:3   | Received a gift from Okawaru
 13332 | Lair:3   | Noticed Fannar
 13342 | Lair:3   | Killed Fannar
 13343 | Lair:3   | Reached skill level 10 in Throwing
 13892 | Lair:4   | Found a staircase to the Swamp.
 14028 | Lair:4   | Found a hole to the Spider Nest.
 14047 | Lair:4   | Found a runed translucent door.
 14052 | Lair:4   | Identified the +8 trident "Imidasm" {drain, rPois}
 14053 | Lair:4   | Noticed Vufrucs's ghost (journeyman DrTm)
 14592 | Lair:4   | Identified the +2 ice dragon scales "Dawupn" {rF- rC++
                  | Str-4 Int+2 Dex+6}
 14718 | Lair:5   | Reached skill level 1 in Shields
 15190 | Lair:5   | Reached skill level 14 in Unarmed Combat
 15549 | Lair:5   | Found a viscous altar of Jiyva.
 15550 | Lair:5   | Found a staircase to the Slime Pits.
 16034 | Lair:6   | Entered Level 6 of the Lair of Beasts
 16141 | Lair:6   | Received a gift from Okawaru
 16610 | Lair:6   | Found an iron altar of Okawaru.
 16614 | Lair:6   | Noticed Nessos
 16624 | Lair:6   | Killed Nessos
 16624 | Lair:6   | Received a gift from Okawaru
 16860 | Lair:6   | Acquired 844 gold pieces
 16861 | Lair:6   | Got an ichor-stained robe {god gift}
 16872 | Lair:6   | Identified the +2 robe of Wrong Decisions {rPois rC+}
                  | (Okawaru gifted it to you on level 6 of the Lair of Beasts)
 16883 | Lair:6   | Acquired the +5 tower shield of Reunex {Int-3 Dex+4}
 17535 | D:5      | Bought a manual of Shields for 1435 gold pieces
 17827 | Lair:6   | Reached XP level 14. HP: 135/137 MP: 13/13
 17915 | Lair:6   | Reached skill level 5 in Shields
 17921 | Lair:6   | Reached ****** piety under Okawaru
 18890 | Lair:4   | Killed Vufrucs's ghost
 18890 | Lair:4   | Received a gift from Okawaru
 18891 | Lair:4   | Reached skill level 10 in Shields
 19111 | Orc:1    | Entered Level 1 of the Orcish Mines
 19130 | Orc:2    | Entered Level 2 of the Orcish Mines
 19169 | Orc:2    | Received a gift from Okawaru
 19228 | Orc:2    | Found a bloodstained altar of Trog.
 19362 | Orc:2    | Found a staircase to the Elven Halls.
 19483 | Orc:2    | Found Lianwy's Magic Scroll Emporium.
 20061 | Orc:2    | Found Aciel's Antique Weapon Boutique.
 20103 | Orc:2    | Found Vites's Magic Scroll Shop.
 20172 | Orc:2    | Found a radiant altar of Vehumet.
 20210 | Orc:2    | Received a gift from Okawaru
 20384 | Orc:2    | Found Seceh's Gadget Boutique.
 20401 | Orc:2    | Noticed Nergalle
 20402 | Orc:2    | Found an ancient bone altar of Kikubaaqudgha.
 20415 | Orc:2    | Killed Nergalle
 20454 | Orc:2    | Found a roughly hewn altar of Beogh.
 20454 | Orc:2    | Found Taennoqo's Antique Weapon Boutique.
 20741 | Spider:1 | Entered Level 1 of the Spider Nest
 20741 | Spider:1 | Noticed Aizul
 20775 | Lair:4   | Killed Aizul
 20775 | Lair:4   | Received a gift from Okawaru
 21404 | Spider:1 | Reached XP level 15. HP: 127/144 MP: 14/14
 21823 | Spider:1 | Received a gift from Okawaru
 21871 | Spider:1 | HP: 2/144 [entropy weaver (9)]
 22314 | Spider:1 | Received a gift from Okawaru
 22318 | Spider:1 | Got a shimmering robe {god gift}
 22329 | Spider:1 | Identified the +5 robe of the Stag {-Cast +Inv rC++ MR+}
                  | (Okawaru gifted it to you on level 1 of the Spider Nest)
 23330 | Spider:2 | Reached skill level 15 in Dodging
 23694 | Spider:2 | Received a gift from Okawaru
 24475 | Spider:3 | Received a gift from Okawaru
 24763 | Spider:2 | Reached skill level 15 in Unarmed Combat
 25347 | Spider:3 | Reached XP level 16. HP: 146/153 MP: 15/15
 25600 | Spider:4 | Entered Level 4 of the Spider Nest
 25977 | Spider:3 | Received a gift from Okawaru
 26665 | D:13     | Reached skill level 16 in Unarmed Combat
 26705 | D:13     | You fall into a shaft and drop 1 floor!
 26975 | D:15     | Entered Level 15 of the Dungeon
 27402 | D:14     | Found a gate to the Vaults.
 27438 | D:14     | Noticed Kirke
 27454 | D:14     | Killed Kirke
 27775 | D:13     | Found Neorphany's Antique Armour Emporium.
 27920 | D:13     | Found a runed translucent gate.
 27920 | D:13     | Found a runed translucent gate.
 27920 | D:13     | Found a runed translucent gate.
 27920 | D:13     | Found an ancient bone altar of Kikubaaqudgha.
 27920 | D:13     | Noticed a lich
 27921 | D:13     | Noticed a lich
 27921 | D:13     | Noticed Huckig's ghost (journeyman MiFi)
 27921 | D:13     | Noticed a lich
 27921 | D:13     | Noticed a lich
 28443 | D:14     | Reached skill level 17 in Unarmed Combat
 28487 | D:14     | Found a shadowy altar of Dithmenos.
 28650 | D:14     | Found a corrupted altar of Lugonu.
 28716 | D:14     | Received a gift from Okawaru
 29419 | D:15     | Found a staircase to the Depths.
 30003 | Orc:1    | Reached skill level 18 in Unarmed Combat
 30079 | Orc:1    | Reached XP level 17. HP: 143/161 MP: 16/16
 30332 | Orc:1    | Noticed Erolcha
 30344 | Orc:1    | Killed Erolcha
 31882 | Spider:4 | Received a gift from Okawaru
 32173 | Spider:4 | Reached skill level 19 in Unarmed Combat
 32389 | Spider:4 | Received a gift from Okawaru
 33066 | Spider:4 | Got a gossamer rune of Zot
 33482 | Swamp:1  | Entered Level 1 of the Swamp
 33875 | Swamp:1  | Identified the +1 robe of the Equinox {+Fly Regen+ Int-5
                  | SInv} (You found it on level 1 of the Swamp)
 34262 | Swamp:2  | Found a transporter.
 34289 | Swamp:2  | Noticed Donald
 34310 | Swamp:3  | Noticed Nikola
 34316 | Swamp:3  | Killed from afar by a will-o-the-wisp

Illustrated notes

Levels and vault maps discovered:
D:1:      lemuel_arrival_cross, layout_basic
D:2:      layout_basic, chequers_ecumenical_altar_lobes, uniq_robin
D:3:      layout_loops_cross, corexii_leaking_fountain
D:4:      layout_basic, fedhas_altar_1
D:5:      layout_basic, minmay_temple_entry_drinking_statues, serial_shops,
          shop, kennysheep_little_box, shop,
          nicolae_shop_temple_entry_statues_fountains, serial_glass,
          glass_columns_a, glass_columns_c, kennysheep_cluttered_room,
          corexii_checkpoint_a, uniq_menkaure, uniq_eustachio
D:6:      minmay_angry_zag, layout_rooms, basic_altar
D:7:      corexii_shantytown, layout_cave_pools, nicolae_overflow_crystal_walls
D:8:      layout_basic, nicolae_gozag_zags_fifth_avenue
D:9:      layout_gridville, grunt_temple_overflow_forces_of_nature
D:10:     layout_small_grid
D:11:     layout_gridville, david_lair_shrubbed, blue_anna_alchemist
          [blue_anna_fruit_fields, blue_anna_fruit_fields]
D:12:     layout_basic, david_orc_3, gauntlet_entry_generic, uniq_snorg
D:13:     layout_irregular_city, serial_shops, shop, gammafunk_ghost_crypt
D:14:     layout_loops_ring, david_vaults_2, grunt_dithmenos_smoke_and_mirrors,
          tgw_lugonu_bribe, uniq_kirke
D:15:     grunt_enter_depths_snipers, layout_cave_pools,
          hangedman_abyss_or_decor_slice
Temple:   dpeg_five_rooms_temple
Lair:1:   layout_gridlike, uniq_gastronok
Lair:2:   layout_misc_corridors
Lair:3:   layout_loops_ring, uniq_fannar
Lair:4:   layout_gridlike, swamp_mist_pool, spider_nest_entry_web_field,
          ebering_ghost_funeral_grove, infiniplex_staircase_pool_2
Lair:5:   layout_layer_cave, dpeg_slime_entry_enclosed_altar
Lair:6:   minmay_lair_end_enchanted_forest, layout_regular_city, basic_altar,
          gammafunk_lair_bear_cave, grunt_megastairs_4, uniq_nessos
Swamp:1:  layout_basic_swamp, evilmike_swamp_ruin_house_2
Swamp:2:  gammafunk_worm_tunnel, layout_basic_swamp, nicolae_swamp_fairy_circle,
          uniq_donald
Swamp:3:  layout_falls_marsh, hangedman_swamp_lotus, swamp_pool4,
          hangedman_swamp_cone, uniq_louise, uniq_nikola
Spider:1: nicolae_spider_mines_3, uniq_aizul
Spider:2: spiders_nest_a, nicolae_looking_at_the_future,
          nicolae_spider_cling_ruins
Spider:3: layout_spider_delve, spiders_nest_hornet_nest
Spider:4: grunt_spider_rune_island, hangedman_stitches_earthworm
Orc:1:    layout_diamond_mine, uniq_erolcha
Orc:2:    kennysheep_orc_mage_school, layout_caves, serial_shops,
          nicolae_shop_statue_plus, nicolae_orc_damp_corner, bloody_trog

Skill      XL: |  1  2  3  4  5  6  7  8  9 10 11 12 13 14 15 16 17 |
---------------+----------------------------------------------------+-----
Throwing       | 4 6 8 9 11 | 11.7
Unarmed Combat | 2 3 5 6 7 8 10 11 13 14 15 18 19 | 19.6
Dodging        | 10 12 15 | 15.9
Fighting       | 3 5 6 8 9 |  9.2
Shields        | 4 11 | 11.8
Stealth        | |  0.3

Action                   |  1- 3 |  4- 6 |  7- 9 | 10-12 | 13-15 | 16-18 || total
-------------------------+-------+-------+-------+-------+-------+-------++-------
Melee: Unarmed           |   129 |   176 |   347 |   629 |  1655 |  1108 ||  4044
       Punch             |     1 |     2 |    13 |    38 |    48 |       ||   102
Throw: Large rock        |       |       |     1 |     6 |    25 |    31 ||    63
       Javelin           |       |       |       |    10 |    13 |    39 ||    62
Invok: Heroism           |       |       |       |     8 |    10 |     1 ||    19
Evoke: Phial of floods   |       |       |       |     1 |     1 |       ||     2
       Lightning rod     |       |       |       |     1 |       |       ||     1
       Phantom mirror    |       |       |       |       |     1 |     1 ||     2
       Wand              |       |       |       |       |       |     1 ||     1
  Use: Scroll            |       |       |    13 |    19 |    15 |    11 ||    58
       Potion            |       |       |     9 |     4 |     9 |     3 ||    25
 Stab: Sleeping          |     4 |     4 |     1 |     1 |     2 |     3 ||    15
       Distracted        |       |       |       |       |     2 |       ||     2
       Held in net/web   |       |       |       |       |     2 |       ||     2
Armor: Robe              |    75 |    58 |    86 |    37 |       |       ||   256
       Troll leather arm |       |       |       |   114 |       |       ||   114
       Quicksilver drago |       |       |       |    95 |   405 |   202 ||   702
       Acid dragon scale |       |       |       |       |   202 |    62 ||   264
Dodge: Dodged            |    84 |    76 |   200 |   678 |  1869 |  1011 ||  3918
Block: Kite shield       |       |       |       |       |  1037 |  1097 ||  2134
       Reflection        |       |       |       |       |     4 |    35 ||    39

Table legend: (Time is in decaauts)
 A = Elapsed time spent in this place.
 B = Non-inter-level travel time spent in this place.
 C = Inter-level travel time spent in this place.
 D = Time resting spent in this place.
 E = Time spent auto-exploring this place.
 F = Levels seen in this place.
 G = Mean time per level.
                   A        B        C        D        E       F      G
               +--------+--------+--------+--------+--------+-----+--------+
         Total |  33523 |  30003 |   3520 |   5903 |  16850 |  32 | 1047.6 |
       Dungeon |  13825 |  12382 |   1443 |   1280 |   8345 |  15 |  921.7 |
        Temple |    244 |    189 |     55 |      0 |    188 |   1 |  244.0 |
          Lair |   8094 |   7003 |   1091 |   1593 |   4081 |   6 | 1349.0 |
         Swamp |    606 |    582 |     24 |      0 |    457 |   3 |  202.0 |
   Spider Nest |   7474 |   6878 |    596 |   2551 |   2188 |   4 | 1868.5 |
  Orcish Mines |   2421 |   2114 |    307 |    240 |   1263 |   2 | 1210.5 |
      Gauntlet |    857 |    857 |      0 |    239 |    326 |   1 |  857.0 |
               +--------+--------+--------+--------+--------+-----+--------+

Top non-repeatable levels by time:
Spider:3: 2353 daAuts
Spider:2: 2345 daAuts
  Lair:4: 2147 daAuts
   Orc:2: 1703 daAuts
  Lair:5: 1597 daAuts
Spider:1: 1423 daAuts
    D:14: 1373 daAuts
Spider:4: 1352 daAuts
     D:9: 1328 daAuts
  Lair:6: 1274 daAuts
  Lair:3: 1157 daAuts
    D:12: 1156 daAuts
  Lair:1: 1063 daAuts
    D:11: 1016 daAuts
     D:8: 1002 daAuts
